 Dungeon Crawl Stone Soup version 0.29-a0-1027-gcd8c55af63 (webtiles) character file.

Game seed: 3454421521502685293

17 Zeldest the Caller (level 2, 0/24 HPs)
             Began as a Naga Summoner on Aug 14, 2022.
             Slain by a kobold
             ... wielding a +0 dagger
              (2 damage)
             ... on level 1 of the Dungeon.
             The game lasted 00:02:31 (255 turns).

Zeldest the Caller (Naga Summoner)                   Turns: 255, Time: 00:02:31

Health: 0/24       AC:  1    Str: 10    XL:     2   Next: 62%
Magic:  5/5        EV:  9    Int: 15    God:
Gold:   24         SH:  0    Dex: 11    Spells: 2/5 levels left

rFire   . . .      SeeInvis +   k - +2 dagger (speed)
rCold   . . .      Faith    .   (no shield)
rNeg    . . .      Spirit   .   a - +0 robe
rPois   +          Reflect  .   (no helmet)
rElec   .          Harm     .   (no cloak)
rCorr   .          Rampage  .   (no gloves)
Will    .....                   (no barding)
Stlth   ++........              (no amulet)
HPRegen 0.08/turn               (no ring)
MPRegen 0.09/turn               (no ring)

@: very slow
A: AC +0, large, see invisible, deformed body, poison resistance, slowness 2,
spit poison 1, naga tail 1
a: Spit Poison


You were on level 1 of the Dungeon.
You visited 1 branch of the dungeon, and saw 1 of its levels.

You collected 24 gold pieces.

Inventory:

Hand Weapons
 k - a +2 dagger of speed (weapon)
Armour
 a - a +0 robe (worn)
Scrolls
 c - a scroll of silence {unknown}
 d - a scroll of identify {unknown}
 g - a scroll of torment {unknown}
 h - a scroll of magic mapping {unknown}
 i - a scroll of noise {unknown}
Potions
 b - a potion of magic
 f - a potion of brilliance {unknown}
 j - a potion of might {unknown}


   Skills:
 + Level 0.9 Fighting
 - Level 1.5 Dodging
 - Level 3.0 Stealth
 + Level 2.2 Spellcasting
 * Level 4.3 Summonings


You had 2 spell levels left.
You knew the following spells:

 Your Spells              Type           Power      Damage    Failure   Level
a - Summon Small Mammal   Summ           56%        N/A       3%          1
b - Call Imp              Summ           14%        N/A       5%          2

Your spell library contained the following spells:

 Spells                   Type           Power      Damage    Failure   Level
 Call Canine Familiar     Summ           14%        N/A       11%         3
 Summon Guardian Golem    Hex/Summ       8%         N/A       26%         3
 Summon Lightning Spire   Summ/Air       8%         N/A       65%         4


Dungeon Overview and Level Annotations

Branches:
Dungeon (1/15)

Altars:

Shops:
D:1 [:


Innate Abilities, Weirdness & Mutations

Your serpentine skin is tough. (AC +0)
You have supernaturally acute eyesight. (SInv)
Armour fits poorly on your strangely shaped body.
Your system is resistant to poisons. (rPois)
You cover ground very slowly.
You can spit poison.
You have a snake-like lower body.


Message History

You now have 24 gold pieces (gained 11).
Your shadow imp disappears in a puff of smoke!
A goblin comes into view. It is wielding a +0 club.
The goblin shouts!
A goblin is nearby!
A goblin is nearby!
The goblin hits you with a +0 club.
Casting: Call Imp (safe; 5% risk of failure)
Confirm with . or Enter, or press ? or * to list all spells.
The goblin hits you but does no damage.
You closely miss the goblin. Your bat misses the goblin.
Your bat barely misses the goblin.
The goblin hits you with a +0 club.
* * * LOW HITPOINT WARNING * * *
You hit the goblin.
The goblin is moderately wounded.
Your bat closely misses the goblin.
You closely miss the goblin.
The goblin is moderately wounded.
Your bat hits the goblin.
Your bat closely misses the goblin.
The goblin hits you with a +0 club.
* * * LOW HITPOINT WARNING * * *
You closely miss the goblin.
The goblin is severely wounded.
Your bat hits the goblin.
The goblin dies!
You swap places.
You see here a +0 club.
Your bat disappears in a puff of smoke!
Found a mace.
Magic restored.
A kobold comes into view. It is wielding a +0 dagger.
You see here a +0 mace.
The kobold shouts!
The kobold hits you with a +0 dagger.
* * * LOW HITPOINT WARNING * * *
Your bat hits the kobold but does no damage.
Your bat barely misses the kobold.
Your bat hits the kobold but does no damage.
The kobold hits you with a +0 dagger.
You die...

#..##..... #..
...##... ...
..## ... ### #.#
# #.# ###### #.#
.....# #.#
####.# #######K#
#.######.....@b#
#..).....#######
##########


You could see a kobold (ally target) and a friendly bat (summoned).

Vanquished Creatures
  A ball python (D:1)
  A frilled lizard (D:1)
  A kobold (D:1)
  A rat (D:1)
4 creatures vanquished.

Vanquished Creatures (collateral kills)
  A gnoll (D:1)
  A hobgoblin (D:1)
  2 kobolds (D:1)
  A goblin (D:1)
  A rat (D:1)
6 creatures vanquished.

Grand Total: 10 creatures vanquished

Notes
Turn   | Place    | Note
-------+----------+-------------------------------------------
     0 | D:1      | Zeldest the Naga Summoner began the quest for the Orb.
     0 | D:1      | Reached XP level 1. HP: 15/15 MP: 3/3
    56 | D:1      | Reached XP level 2. HP: 24/24 MP: 1/5
    87 | D:1      | Found Sikhoaj's Book Emporium.
   136 | D:1      | Found Hebasige's Armour Shop.
   161 | D:1      | Learned a level 2 spell: Call Imp
   255 | D:1      | Slain by a kobold

Illustrated notes

Levels and vault maps discovered:
D:1:      scummos_arrival_gate, layout_loops_cross,
          ebering_ecumenical_altar_mist, serial_shops, nicolae_diamond_shop,
          nicolae_shop_trees, nicolae_square_shop, lemuel_old_faithful

Action                   || total
-------------------------++-------
Melee: Short sword       ||    11
       Dagger            ||     6
       Unarmed           ||     3
 Cast: Summon Small Mamm ||    13
       Call Imp          ||     2
 Abil: Spit Poison       ||     1
Armor: Robe              ||     2
Dodge: Dodged            ||    10

Table legend: (Time is in decaauts)
 A = Elapsed time spent in this place.
 B = Non-inter-level travel time spent in this place.
 C = Inter-level travel time spent in this place.
 D = Time resting spent in this place.
 E = Time spent auto-exploring this place.
 F = Levels seen in this place.
 G = Mean time per level.
                   A        B        C        D        E       F      G
               +--------+--------+--------+--------+--------+-----+--------+
         Total |    333 |    333 |      0 |      0 |      0 |   1 |  333.0 |
       Dungeon |    333 |    333 |      0 |      0 |      0 |   1 |  333.0 |
               +--------+--------+--------+--------+--------+-----+--------+

Top non-repeatable levels by time:
     D:1: 333 daAuts
